 Dungeon Crawl Stone Soup version 0.20-a0-1089-g3fde505 (webtiles) character file.

46 Kidiri the Magician (level 3, -1/19 HPs)
             Began as a Deep Elf Fire Elementalist on May 2, 2017.
             Slain by an adder (4 damage)
             ... on level 2 of the Dungeon.
             The game lasted 00:04:01 (1700 turns).

Kidiri the Magician (Deep Elf Fire Elementalist)    Turns: 1700, Time: 00:04:01

Health: -1/19      AC:  4    Str:  5    XL:     3   Next: 46%
Magic:  5/10       EV: 13    Int: 20    God:
Gold:   51         SH:  0    Dex: 15    Spells: 1/10 levels left

rFire    . . .     SeeInvis .   h - +0 rapier (speed)
rCold    . . .     Gourm    .   (no shield)
rNeg     . . .     Faith    .   a - +0 robe
rPois    .         Spirit   .   (no helmet)
rElec    .         Reflect  .   p - +0 cloak
rCorr    .         Harm     .   j - +0 pair of gloves
MR       .....                  (no boots)
Stlth    ++........             (no amulet)
Regen    0.1/turn               (no ring)
MPRegen  0.2/turn               (no ring)

@: lethally poisoned (-1 -> -6), very slightly contaminated
A: no striking features
a: no special abilities


You were on level 2 of the Dungeon.
You were not hungry.

You visited 1 branch of the dungeon, and saw 2 of its levels.

You collected 51 gold pieces.

Inventory:

Hand Weapons
 g - a +0 dagger
 h - a +0 rapier of speed (weapon)
Armour
 a - a +0 robe (worn)
 j - a +0 pair of gloves (worn)
 p - a +0 cloak (worn)
Scrolls
 l - a scroll of enchant weapon {unknown}
 m - a scroll of teleportation {unknown}
 n - a scroll of immolation {unknown}
 o - a scroll of amnesia {unknown}
Potions
 d - a potion of agility {unknown}
 e - 2 potions of mutation {unknown}
 k - 3 potions of heal wounds {unknown}
 r - a potion of curing {unknown}
Books
 b - a book of Flames

   Spells                             Type                      Level
   a - Flame Tongue                   Conjuration/Fire             1
   b - Throw Flame                    Conjuration/Fire             2
   c - Conjure Flame                  Conjuration/Fire             3
   d - Inner Flame                    Hexes/Fire                   3
   e - Sticky Flame                   Conjuration/Fire             4
   f - Fireball                       Conjuration/Fire             5
Comestibles
 c - 3 bread rations
 f - 2 meat rations
 i - 3 fruits


   Skills:
 - Level 2.4 Dodging
 - Level 2.4 Stealth
 * Level 4.3 Spellcasting
 + Level 1.9 Conjurations
 + Level 3.8 Fire Magic


You had one spell level left.
You knew the following spells:

 Your Spells              Type           Power        Failure   Level  Hunger
a - Flame Tongue          Conj/Fire      ###..        3%          1    None
b - Throw Flame           Conj/Fire      ###...       5%          2    #......
c - Conjure Flame         Conj/Fire      ###.....     11%         3    ###....
d - Inner Flame           Hex/Fire       ##......     17%         3    ###....


Dungeon Overview and Level Annotations

Branches:
Dungeon (2/15)

Altars:


Message History

Confirm with . or Enter, or press ? or * to list all spells.
Aiming: Flame Tongue
Press: ? - help, Shift-Dir - straight line, f/p - adder
Aim: an adder (lightly wounded)
The flame tongue hits the adder.
The adder is heavily wounded.
The adder bites you.
* * * LOW HITPOINT WARNING * * *
You are lethally poisoned!
The adder poisons you! The adder misses you.
Casting: Flame Tongue
Confirm with . or Enter, or press ? or * to list all spells.
Aiming: Flame Tongue
Press: ? - help, Shift-Dir - straight line, f/p - adder
Aim: an adder (heavily wounded)
The flame tongue hits the adder.
The adder is almost dead.
* * * LOW HITPOINT WARNING * * *
You feel sick. The adder bites you.
You die...

##........ #.#.#...##
##.......## #.#......#
#...<.....###........#
+.........'...........
#.........####......##
#.......## ##.##.##
##.....## ####.#
##...## #.# ##@## #.#
#S# #.# #.# #.# #.#
#.# ... #.# ... ..#
... ##.##


You could see an adder.

Vanquished Creatures
  An adder (D:2)
  2 dart slugs (D:1)
  A leopard gecko (D:1)
  4 bats
  3 giant cockroaches
  4 hobgoblins
  5 kobolds
  6 frilled lizards
  4 goblins (D:1)
  A rat (D:1)
31 creatures vanquished.

Notes
Turn   | Place    | Note
-------+----------+-------------------------------------------
     0 | D:1      | Kidiri the Deep Elf Fire Elementalist began the quest for the Orb.
     0 | D:1      | Reached XP level 1. HP: 10/10 MP: 6/6
   315 | D:1      | Reached XP level 2. HP: 15/15 MP: 6/8
   320 | D:1      | Learned a level 2 spell: Throw Flame
  1015 | D:1      | Reached skill level 4 in Spellcasting
  1174 | D:1      | Reached XP level 3. HP: 19/19 MP: 7/10
  1179 | D:1      | Learned a level 3 spell: Conjure Flame
  1183 | D:1      | Learned a level 3 spell: Inner Flame
  1700 | D:2      | Slain by an adder

Vault maps used:
D:1:      dpeg_arrival_radiant, minmay_tetromino_i4
D:2:      tso_altar, first_bread

Skill      XL: |  1  2 |
---------------+-------+-----
Spellcasting   | 4 |  4.3
Dodging        | |  2.4
Stealth        | |  2.4
Conjurations   | |  1.9
Fire Magic     | |  3.8

Action                   || total
-------------------------++-------
Melee: Dagger            ||    17
       Rapier            ||    11
 Cast: Flame Tongue      ||    41
 Stab: Sleeping          ||     4
  Eat: Chunk             ||     2
Armor: Robe              ||     7
Dodge: Dodged            ||    33
